 Dungeon Crawl Stone Soup version 0.23.2-42-gf373564dc4 (webtiles) character file.

Game seed: 8648524594364439476

2960 FishyPogo the Destroyer (level 9, -3/45 HPs)
             Began as a Tengu Fire Elementalist on Oct 20, 2019.
             Was a Plaything of Xom.
             Slain by a wyvern (11 damage)
             ... led by Pikel
             ... on level 7 of the Dungeon on Oct 31, 2019.
             The game lasted 00:48:15 (8156 turns).

FishyPogo the Destroyer (Tengu Fire Elementalist)   Turns: 8156, Time: 00:48:15

Health: -3/45      AC:  3    Str:  9    XL:     9   Next: 81%
Magic:  0/14       EV: 20    Int: 23    God:    Xom [......]
Gold:   508        SH:  0    Dex: 15    Spells: 4/14 levels left

rFire    . . .     SeeInvis .   J - +2 hand crossbow (freeze)
rCold    . . .     Gourm    .   (no shield)
rNeg     . . .     Faith    +   a - +0 robe
rPois    .         Spirit   +   (helmet restricted)
rElec    .         Reflect  .   w - scarf {Spirit}
rCorr    .         Harm     .   p - +0 pair of gloves
MR       +....                  (boots unavailable)
Stlth    ++........             v - amulet of faith
HPRegen  0.15/turn              k - ring of protection from magic
MPRegen  0.14/turn              C - +5 ring of intelligence

@: cleaving, flying quickly and evasively, quick
A: beak, talons 3, screaming 1, able to fly
a: Stop Flying, Renounce Religion


You were on level 7 of the Dungeon.
You worshipped Xom.
You were a very special plaything of Xom.
You were not hungry.

You visited 1 branch of the dungeon, and saw 8 of its levels.
You also visited: Sewer.

You collected 508 gold pieces.

Inventory:

Hand Weapons
 u - a +1 short sword of flaming
 B - a +0 long sword of protection
 J - a +2 hand crossbow of freezing (weapon)
 K - a +0 whip of venom
Missiles
 e - 201 stones
 m - 3 javelins
 t - 5 tomahawks
 H - 73 bolts (quivered)
Armour
 a - a +0 robe (worn)
 n - a +0 cloak
 p - a +0 pair of gloves (worn)
 w - a scarf of spirit shield (worn)
Jewellery
 k - a ring of protection from magic (left hand)
 q - an uncursed ring of protection from cold
 v - an amulet of faith (around neck)
 A - an uncursed ring of protection from cold
 C - a +5 ring of intelligence (right hand)
 G - an uncursed ring of fire {unknown}
Wands
 D - a wand of digging (7)
 I - a wand of iceblast (24)
Scrolls
 b - 4 scrolls of noise {unknown}
 h - 3 scrolls of teleportation
 i - 3 scrolls of fear {unknown}
 o - 5 scrolls of identify
 r - a scroll of enchant weapon {unknown}
 y - a scroll of magic mapping
 E - 2 scrolls of remove curse
 F - a scroll of brand weapon {unknown}
Potions
 d - 4 potions of agility
 f - 2 potions of mutation {unknown}
 g - 3 potions of lignification
 j - 5 potions of curing
 l - 2 potions of heal wounds {unknown}
 s - a potion of might {unknown}
 x - 2 potions of magic
 z - a potion of haste {unknown}
Comestibles
 c - 13 rations


   Skills:
 + Level 7.3 Dodging
 - Level 2.0 Stealth
 - Level 2.1 Unarmed Combat
 - Level 3.0 Spellcasting
 * Level 11.6 Conjurations
 + Level 7.8 Fire Magic


You had 4 spell levels left.
You knew the following spells:

 Your Spells              Type           Power        Failure   Level  Hunger
a - Flame Tongue          Conj/Fire      #####        1%          1    None
b - Throw Flame           Conj/Fire      #####.       1%          2    ##.....
c - Conjure Flame         Conj/Fire      #####...     1%          3    ###....
d - Sticky Flame          Conj/Fire      #####...     2%          4    ####...

Your spell library contained the following spells:

 Spells                   Type           Power        Failure   Level  Hunger
 Magic Dart               Conj           ####         1%          1    None
 Searing Ray              Conj           ######       1%          2    ##.....
 Iskenderun's Mystic Bla  Conj           ######..     1%          4    ####...
 Dazzling Spray           Conj/Hex       ####..       3%          3    ###....
 Inner Flame              Hex/Fire       ###.....     7%          3    ###....
 Force Lance              Conj/Tloc      ####....     11%         4    ####...
 Fulminant Prism          Conj/Hex       ####......   11%         4    ####...
 Fireball                 Conj/Fire      #####.....   6%          5    ######.


Dungeon Overview and Level Annotations

Branches:
Dungeon (8/15)             Temple (0/1) D:5
   Lair: D:8-11

Altars:
Xom
Beogh

Annotations:
D:3 3 runed translucent doors, yogakurto's ghost, amateur TeFE
D:4 3 runed translucent doors, sydd's ghost, amateur GnWr
D:8 Pikel


Innate Abilities, Weirdness & Mutations

You have a beak for a mouth.
You have claws for feet.
You can fly continuously.
You occasionally shout uncontrollably at your foes.


Message History

* * * LOW HITPOINT WARNING * * *
Casting: Flame Tongue (safe; 1% risk of failure)
Confirm with . or Enter, or press ? or * to list all spells.
Aiming: Flame Tongue (safe; 1% risk of failure)
Press: ? - help, Shift-Dir - straight line, f/p - wyvern
Aim: a wyvern (lightly wounded)
The flame tongue hits the wyvern.
The wyvern is moderately wounded.
The wyvern bites you.
* * * LOW HITPOINT WARNING * * *
The wyvern closely misses you.
Casting: Flame Tongue (safe; 1% risk of failure)
Confirm with . or Enter, or press ? or * to list all spells.
Aiming: Flame Tongue (safe; 1% risk of failure)
Press: ? - help, Shift-Dir - straight line, f/p - wyvern
Aim: a wyvern (moderately wounded)
The flame tongue hits the wyvern!
The wyvern is heavily wounded.
The wyvern bites you!
You die...

### ### ##.# ##### ##.##
##.## #...# ##..###.## ###
##.#.## .##....##
#.##########..#..##
#.....##
##.@.....##.......##
##....#
#...l.......##.....#
##..##
#..###......######..
###.### ###...####....#
##.
##.....#####.....###.....#
##
#........................#
#
........................##
#
....###.........###.....#
# .#### ##......###
##....#


You could see a wyvern.

Vanquished Creatures
  A water moccasin (D:6)
  A necrophage (D:7)
  2 phantoms (D:5)
  A black bear (D:7)
  3 ogres (D:7)
  2 ice beasts (D:7)
  A tengu (D:8)
  3 centaurs
  6 big kobolds
  2 bullfrogs
  A wyvern skeleton (D:6)
  A scorpion (D:6)
  3 howler monkeys
  A crimson imp (D:7)
  A centaur zombie (D:8)
  4 hounds
  2 orc priests
  6 orc wizards
  2 iguanas (D:7)
  4 worker ants
  A hound skeleton (D:6)
  A hound zombie (D:7)
  A howler monkey zombie (D:5)
  10 gnolls
  6 adders
  A river rat (D:4)
  2 shadow imps
  6 oozes
  An adder zombie (D:7)
  8 worms
  4 dart slugs (D:2)
  4 leopard geckos
  20 orcs
  3 ball pythons
  7 giant cockroaches
  7 goblins
  7 hobgoblins
  4 jackals (D:2)
  3 quokkas
  10 bats
  3 frilled lizards
  A jackal zombie (D:5)
  18 kobolds
  A leopard gecko skeleton (D:6)
  13 rats
189 creatures vanquished.

Vanquished Creatures (collateral kills)
  An adder (D:8)
1 creature vanquished.

Grand Total: 190 creatures vanquished

Notes
Turn   | Place    | Note
-------+----------+-------------------------------------------
     0 | D:1      | FishyPogo the Tengu Fire Elementalist began the quest for
                  | the Orb.
     0 | D:1      | Reached XP level 1. HP: 10/10 MP: 4/4
   205 | D:1      | Reached skill level 2 in Conjurations
   205 | D:1      | Reached XP level 2. HP: 6/15 MP: 1/6
   270 | D:1      | Learned a level 2 spell: Throw Flame
   626 | D:2      | Reached XP level 3. HP: 14/19 MP: 0/7
   711 | D:2      | Reached skill level 3 in Conjurations
   957 | D:2      | Reached XP level 4. HP: 22/24 MP: 0/8
  1183 | D:2      | Upgraded the game from 0.23.2-40-g277498a001 to
                  | 0.23.2-42-gf373564dc4
  1736 | D:3      | Found a faded altar of an unknown god.
  1736 | D:3      | Noticed a bullfrog
  2026 | D:3      | Gained mutation: You can fly continuously. [Tengu growth]
  2026 | D:3      | Reached XP level 5. HP: 20/28 MP: 2/10
  2186 | D:3      | Reached skill level 4 in Conjurations
  2381 | D:3      | Reached XP level 6. HP: 22/32 MP: 3/11
  2386 | D:3      | Learned a level 3 spell: Conjure Flame
  2647 | D:3      | Found a runed translucent gate.
  2648 | D:3      | Found a runed translucent gate.
  2649 | D:3      | Found a runed translucent gate.
  2650 | D:3      | Identified the +4 hunting sling "Ymitear" {freeze, rPois
                  | Stlth+}
  2650 | D:3      | Identified the +1 scale mail of the Game Afoot {Int+3
                  | Slay+2}
  2651 | D:3      | Found a roughly hewn altar of Beogh.
  2653 | D:3      | Noticed yogakurto's ghost (amateur TeFE)
  2747 | D:3      | Reached skill level 5 in Conjurations
  3240 | D:4      | Found a runed translucent gate.
  3240 | D:4      | Found a runed translucent gate.
  3255 | D:5      | Entered Level 5 of the Dungeon
  3284 | D:5      | Noticed a phantom
  3294 | D:5      | Noticed a phantom
  3349 | D:5      | Reached XP level 7. HP: 6/36 MP: 3/12
  3380 | D:5      | Found a shimmering altar of Xom.
  3384 | D:5      | Became a worshipper of Xom of Chaos
  3395 | D:5      | Reached skill level 1 in Unarmed Combat
  3395 | D:5      | Reached skill level 6 in Conjurations
  3505 | D:5      | Found a staircase to the Ecumenical Temple.
  3543 | D:5      | XOM: harmless Fire miscast
  3559 | D:5      | Reached skill level 5 in Fire Magic
  3590 | D:5      | Learned a level 4 spell: Sticky Flame
  3629 | D:4      | Found a glowing drain.
  3638 | Sewer    | Entered a sewer
  3854 | Sewer    | XOM: mild Conj miscast
  4041 | Sewer    | Reached skill level 7 in Conjurations
  4054 | Sewer    | Reached XP level 8. HP: 34/41 MP: 3/13
  4108 | Sewer    | Reached skill level 5 in Dodging
  4202 | Sewer    | Reached skill level 8 in Conjurations
  4717 | D:4      | Found a runed translucent gate.
  4720 | D:4      | Noticed sydd's ghost (amateur GnWr)
  4781 | D:4      | XOM: potion effect (agility)
  5362 | D:6      | Reached skill level 9 in Conjurations
  5480 | D:6      | XOM is BORED!
  5480 | D:6      | XOM: noise
  5485 | D:6      | XOM: polymorph something unseen -> wolf
  5486 | D:6      | XOM: divination: magic mapping
  5609 | D:6      | XOM: scenery: create altars
  5670 | D:7      | HP: 2/41 [wolf (7)]
  5673 | D:7      | XOM: polymorph wolf -> iguana
  5766 | D:7      | Reached XP level 9. HP: 18/45 MP: 5/14
  5788 | D:6      | XOM: divination: magic mapping
  5855 | D:6      | XOM: give mutation
  5855 | D:6      | Gained mutation: You occasionally shout uncontrollably at
                  | your foes. [Xom's mischief]
  6160 | D:7      | Reached skill level 10 in Conjurations
  7034 | D:7      | Reached skill level 11 in Conjurations
  7394 | D:6      | XOM: god gift: wand of iceblast (10)
  7756 | D:8      | Noticed Pikel
  7759 | D:8      | XOM: divination: detect creatures
  7761 | D:8      | XOM: confuse monster(s)
  7764 | D:8      | XOM: cast spell 'Summon Small Mammal'
  7775 | D:8      | XOM: polymorph bullfrog -> tengu
  7853 | D:8      | XOM: confusion
  7997 | D:8      | XOM: scenery: 1 doors open
  8045 | D:7      | XOM: cloud trail
  8078 | D:7      | XOM: noise
  8135 | D:8      | Noticed Pikel
  8135 | D:8      | Pikel changed into Pikel the eye of draining
  8135 | D:8      | XOM: polymorph Pikel -> Pikel the eye of draining
  8139 | D:8      | XOM: polymorph slave -> wyvern
  8144 | D:8      | XOM: fog
  8153 | D:7      | XOM: cleaving
  8156 | D:7      | Slain by a wyvern

Skill      XL: |  1  2  3  4  5  6  7  8  9 |
---------------+----------------------------+-----
Conjurations   | 2 3 4 5 7 9 11 | 11.6
Dodging        | 3 4 6 7 |  7.3
Fire Magic     | 4 5 6 7 |  7.8
Spellcasting   | 3 |  3.0
Unarmed Combat | 2 |  2.1
Stealth        | |  2.0

Action                   |  1- 3 |  4- 6 |  7- 9 || total
-------------------------+-------+-------+-------++-------
Melee: Unarmed           |    25 |    58 |    36 ||   119
       Kick              |     9 |    11 |    32 ||    52
       Peck              |     3 |    10 |    26 ||    39
       Punch             |       |       |     1 ||     1
       Short sword       |       |       |    94 ||    94
 Fire: Hand crossbow     |       |       |     4 ||     4
Throw: Stone             |     4 |       |       ||     4
 Cast: Flame Tongue      |    40 |    98 |   162 ||   300
       Throw Flame       |    10 |    35 |    54 ||    99
       Conjure Flame     |       |     1 |       ||     1
       Sticky Flame      |       |       |     1 ||     1
 Abil: Fly               |       |     1 |       ||     1
  Use: Scroll            |       |     4 |     9 ||    13
       Potion            |       |       |     2 ||     2
 Stab: Sleeping          |     3 |     1 |     3 ||     7
  Eat: Chunk             |     1 |    10 |    13 ||    24
       Ration            |       |       |     1 ||     1
Armor: Robe              |     5 |     6 |    15 ||    26
Dodge: Dodged            |    37 |    77 |   186 ||   300
